 Dungeon Crawl Stone Soup version 0.30.0 (webtiles) character file.

Game seed: 13289883134328852004

23135 RepHenryClay the Basher (level 12, -5/107 HPs)
             Began as a Demonspawn Berserker on May 7, 2023.
             Was an Elder of Trog.
             Slain by Frances
             ... wielding a +4 long sword of electrocution
              (7 damage)
             ... on level 13 of the Dungeon.
             The game lasted 00:22:50 (10919 turns).

RepHenryClay the Basher (Demonspawn Berserker)     Turns: 10919, Time: 00:22:51

Health: -5/107     AC: 31    Str: 27    XL:     12   Next: 69%
Magic:  12/12      EV:  9    Int: 10    God:    Trog [****..]
Gold:   143        SH:  0    Dex: 13    Spells: 11/11 levels left

rFire   . . .        a - +5 great mace
rCold   + + +        (shield currently unavailable)
rNeg    . . .        A - +13 chain mail of the Journeyman {-Cast *Corrode rPois rC+++}
rPois   +            Q - +1 helmet {SInv}
rElec   .            (no cloak)
rCorr   .            r - +0 pair of gloves
SInv    +            x - +0 pair of boots
Will    +....        u - amulet of regeneration Stlth
                     o - ring of willpower
HPRegen 1.17/turn    O - +6 ring of strength
MPRegen 0.13/turn

%: no spellcasting, corrode self (3%)
@: no status effects
A: hooves 2, yellow scales 1, powered by death 2
a: Renounce Religion, Berserk, Trog's Hand, Brothers in Arms


You were on level 13 of the Dungeon.
You worshipped Trog.
Trog was greatly pleased with you.
You visited 1 branch of the dungeon, and saw 13 of its levels.

You collected 914 gold pieces.
You spent 771 gold pieces at shops.

Inventory:

Hand Weapons
 a - a +5 great mace (weapon)
 b - a +1 war axe of flaming
 t - the +11 rapier of the Inferno {heavy, rN+ rCorr MP+9 Str-2}
   (You found it on level 3 of the Dungeon)

   Str:       It affects your strength (-2).
   rN:        It protects you from negative energy.
   MP:        It affects your magic capacity (+9).
   rCorr:     It protects you from acid and corrosion.
 B - a +0 eveningstar
Missiles
 I - 6 throwing nets (quivered)
Armour
 r - a +0 pair of gloves (worn)
 x - a +0 pair of boots (worn)
 y - a +1 hat of willpower
 A - the +13 chain mail of the Journeyman (worn) {-Cast *Corrode rPois rC+++}
   (You found it on level 6 of the Dungeon)

   rC:        It renders you almost immune to cold.
   rPois:     It protects you from poison.
   -Cast:     It prevents spellcasting.
   *Corrode:  It may corrode you when you take damage.
 Q - a +1 helmet of see invisible (worn)
Jewellery
 o - a ring of willpower (left hand)
 s - a +6 ring of intelligence
 u - an amulet of regeneration (around neck)
 O - a +6 ring of strength (right hand)
 T - an amulet of the acrobat
Wands
 n - a wand of flame (48)
 q - a wand of paralysis (21)
 C - a wand of roots (16)
 H - a wand of mindburst (10)
Scrolls
 f - 3 scrolls of magic mapping
 h - 4 scrolls of amnesia {unknown}
 l - 2 scrolls of fog {unknown}
 z - 4 scrolls of identify
 D - 4 scrolls of teleportation {unknown}
 E - a scroll of silence {unknown}
 F - a scroll of blinking {unknown}
 J - 3 scrolls of poison {unknown}
 M - 2 scrolls of fear {unknown}
 P - a scroll of acquirement
 R - a scroll of enchant armour {unknown}
 S - a scroll of immolation {unknown}
Potions
 c - 4 potions of brilliance
 d - 7 potions of curing
 e - a potion of attraction
 g - a potion of lignification
 i - a potion of heal wounds
 j - 2 potions of ambrosia
 k - 2 potions of cancellation
 m - 5 potions of degeneration
 p - 2 potions of haste {unknown}
 v - 2 potions of might
 w - a potion of magic {unknown}
 G - a potion of invisibility
 K - a potion of berserk rage {unknown}
 L - 3 potions of mutation {unknown}
 N - a potion of flight {unknown}


   Skills:
 - Level 14.0 Fighting
 - Level 1.0 Short Blades
 * Level 14.7 Maces & Flails
 - Level 10.0 Armour
 - Level 1.7 Dodging


You had 11 spell levels left.
You didn't know any spells.
Your spell library was empty.

Dungeon Overview and Level Annotations

Branches:
Dungeon (13/15)            Temple (0/1) D:6            Lair (0/5) D:9
    Orc (0/2) D:12
 Vaults: D:13-14

Altars:
Cheibriados
Dithmenos
Fedhas
Hepliaklqana
Nemelex Xobeh
Vehumet
Xom

Shops:
D:3 *   D:4 =([(*?   D:5 [   D:9 (   D:12 =   D:13 :

Annotations:
D:4 2 transporters
D:13 Frances


Innate Abilities, Weirdness & Mutations

You have hoof-like feet.
You are partially covered in yellow scales. (AC +2)
You regenerate health from kills.


Message History

You see here 7 stones.
You see here 5 stones.
Frances, Duchess of Pandemonium comes into view.
She is wielding a +4 long sword of electrocution and wearing a +2 leather armour of fire resistance.
Found a potion of cancellation.
Frances shouts!
Frances is nearby!
Frances mutters in a terrible tongue.
The shard of ice misses you.
Frances mutters in a terrible tongue.
Frances seems to speed up.
Frances hits you with a +4 long sword of electrocution!
You bludgeon Frances!!
Frances is lightly wounded.
Frances hits you with a +4 long sword of electrocution!
Frances drinks a potion.
Frances seems to grow stronger.
You bludgeon Frances!!
Frances is heavily wounded.
Frances closely misses you.
You bludgeon Frances!!
Frances is heavily wounded.
Frances hits you with a +4 long sword of electrocution!!
Frances hits you with a +4 long sword of electrocution!
You bludgeon Frances!!
Frances is severely wounded.
Frances mutters in a terrible tongue.
You bludgeon Frances!!
Frances is almost dead.
Frances mutters in a terrible tongue.
You closely miss Frances.
Frances is almost dead.
The sixfirhy hits you. The sixfirhy shocks you! The sixfirhy hits you.
The sixfirhy shocks you!
Frances hits you with a +4 long sword of electrocution!
* * * LOW HITPOINT WARNING * * *
The sixfirhy hits you.
* * * LOW HITPOINT WARNING * * *
The sixfirhy shocks you!
* * * LOW HITPOINT WARNING * * *
Frances hits you with a +4 long sword of electrocution!
You die...

#.###..####.# #.#
#.######..
#...........# #.# #.#
##. ####...###### #.#
#.# #. ###.#...# #.#
#.# #. .#.##....# #.#
#.# ## .## ##...# #.#
#.# # .# #.#.###
#.#######.# # .#
.........##.##......#
# .#
#######..3@##.######
. .# ≈≈ ≈ ####@##.#
## .# #4##.#
.########## #4##.#
........... #.##.#
##.###.###. #.##.#
#.# #.# #.# ####.#
#.# #.# #.# ###.#
##.## #.# #.# #≈#.#
#...#


You could see Frances (fast, strong), an orange demon (summoned), a hellwing
(summoned) and a sixfirhy (summoned).

Vanquished Creatures
  Gastronok (D:12)
  Harold (D:10)
  A hydra (D:13)
  A boulder beetle (D:13)
  2 centaur warriors (D:13)
  3 two-headed ogres
  Pikel (D:7)
  5 ugly things
  2 gargoyles
  Psyche (D:8)
  A komodo dragon (D:10)
  4 kobold demonologists (D:12)
  A yaktaur (D:10)
  2 tengu conjurers (D:13)
  7 trolls
  A hornet (D:8)
  2 shadows (D:12)
  4 slime creatures (D:12)
  A wraith (D:10)
  2 wyverns
  23 yaks
  A centaur simulacrum (D:11)
  2 vampires (D:11)
  A basilisk (D:13)
  Grum (D:10)
  A steam dragon (D:8)
  4 wargs (D:12)
  2 water moccasins
  2 ice beasts
  5 orc warriors
  2 black bears
  An ogre (D:6)
  3 wolves (D:10)
  5 centaurs
  3 kobold brigands
  2 bullfrogs
  3 gnoll sergeants (D:10)
  5 necrophages (D:6)
  A scorpion (D:7)
  2 wights
  2 howler monkeys
  2 centaur zombies (D:6)
  3 gnoll boudas
  3 hounds
  A jelly (D:5)
  14 orc priests
  2 sleepcaps
  2 iguanas
  10 orc wizards
  19 gnolls
  4 adders
  2 white imps
  An ufetubus (D:5)
  2 dart slugs (D:3)
  41 orcs
  8 ball pythons
  3 bats
  10 endoplasms
  3 giant cockroaches
  4 goblins
  7 hobgoblins
  12 jackals
  3 quokkas
  4 frilled lizards
  16 kobolds
  3 rats
293 creatures vanquished.

Vanquished Creatures (others)
  2 bushes (D:6)
  11 plants (D:6)
13 creatures vanquished.

Grand Total: 306 creatures vanquished

Notes
Turn   | Place    | Note
-------+----------+-------------------------------------------
     0 | D:1      | RepHenryClay the Demonspawn Berserker began the quest for
                  | the Orb.
     0 | D:1      | Reached XP level 1. HP: 18/18 MP: 1/1
   174 | D:1      | Gained mutation: You regenerate a little health from kills.
                  | [demonic ancestry]
   174 | D:1      | Reached XP level 2. HP: 24/24 MP: 2/2
   764 | D:2      | Reached XP level 3. HP: 24/29 MP: 3/3
   954 | D:2      | You fall into a shaft and drop 2 floors!
  1117 | D:3      | Reached ** piety under Trog
  1299 | D:3      | Gained mutation: You are partially covered in yellow
                  | scales. (AC +2) [demonic ancestry]
  1299 | D:3      | Reached XP level 4. HP: 35/35 MP: 4/4
  1301 | D:3      | Reached skill level 5 in Maces & Flails
  1552 | D:3      | Found Wineilec's General Store.
  1559 | D:3      | Reached XP level 5. HP: 35/41 MP: 5/5
  1561 | D:3      | Bought a scroll of identify for 22 gold pieces
  1859 | D:3      | Identified the +11 rapier of the Inferno {heavy, rN+ rCorr
                  | MP+9 Str-2}
  2278 | D:4      | Found Ocradato's Armour Shop.
  2293 | D:4      | Gained mutation: You have large cloven feet. [demonic
                  | ancestry]
  2293 | D:4      | Reached XP level 6. HP: 47/47 MP: 6/6
  2334 | D:4      | Found Zygan's General Store.
  2359 | D:4      | Found Zioczeu's Magic Scroll Shoppe.
  2367 | D:4      | Bought a scroll of noise for 12 gold pieces
  2592 | D:4      | Reached *** piety under Trog
  2632 | D:4      | Found Puad's Jewellery Emporium.
  2683 | D:4      | Found Reolatu's Firing Range.
  2799 | D:4      | Found a transporter.
  2800 | D:4      | Found Mesel's Weapon Shoppe.
  2806 | D:4      | Reached skill level 1 in Short Blades
  2846 | D:4      | Found a transporter.
  3009 | D:5      | Entered Level 5 of the Dungeon
  3063 | D:5      | Found Eteffui's Armour Shoppe.
  3063 | D:5      | Noticed an animated pearl dragon scales
  3063 | D:5      | Noticed an animated crystal plate armour
  3094 | D:5      | Reached XP level 7. HP: 52/52 MP: 7/7
  4203 | D:6      | Identified the +13 chain mail of the Journeyman {-Cast
                  | *Corrode rPois rC+++}
  4295 | D:6      | Gained mutation: You have hoof-like feet. [demonic
                  | ancestry]
  4295 | D:6      | Reached XP level 8. HP: 58/58 MP: 8/8
  4391 | D:6      | Found a staircase to the Ecumenical Temple.
  4603 | D:6      | Found a blossoming altar of Fedhas.
  4903 | D:6      | Reached skill level 5 in Armour
  4951 | D:7      | Found a hazy altar of Hepliaklqana.
  5067 | D:7      | Noticed Pikel
  5084 | D:7      | Killed Pikel
  5085 | D:7      | Reached XP level 9. HP: 63/63 MP: 9/9
  5227 | D:7      | Reached skill level 10 in Maces & Flails
  5665 | D:7      | Reached **** piety under Trog
  6157 | D:8      | Found a snail-covered altar of Cheibriados.
  6268 | D:8      | Gained mutation: You regenerate health from kills. [demonic
                  | ancestry]
  6268 | D:8      | Reached XP level 10. HP: 70/70 MP: 10/10
  6509 | D:9      | Found Ijuo's Antique Weapon Boutique.
  6589 | D:9      | Noticed Psyche
  6638 | D:8      | Killed Psyche
  6675 | D:9      | Found a radiant altar of Vehumet.
  6841 | D:9      | Noticed a green ugly thing
  6864 | D:9      | Killed a green ugly thing
  6907 | D:9      | Found a staircase to the Lair.
  7010 | D:9      | Found a shimmering altar of Xom.
  7014 | D:9      | Found a shadowy altar of Dithmenos.
  7417 | D:9      | Noticed a red ugly thing
  7423 | D:9      | Killed a red ugly thing
  7424 | D:9      | Reached skill level 5 in Fighting
  7719 | D:10     | Entered Level 10 of the Dungeon
  7851 | D:10     | Reached XP level 11. HP: 83/83 MP: 11/11
  7922 | D:10     | Noticed a two-headed ogre
  7939 | D:10     | Killed a two-headed ogre
  7987 | D:10     | Noticed Grum
  8008 | D:10     | Killed Grum
  8008 | D:10     | Reached ***** piety under Trog
  8195 | D:10     | Reached skill level 10 in Fighting
  8442 | D:10     | Found a sparkling altar of Nemelex Xobeh.
  8579 | D:11     | Noticed Harold
  8616 | D:10     | Killed Harold
  8616 | D:10     | Received a gift from Trog
  8851 | D:11     | Noticed a two-headed ogre
  8857 | D:11     | Killed a two-headed ogre
  9531 | D:3      | Bought a scroll of acquirement for 572 gold pieces
  9581 | D:4      | Bought a +1 helmet of see invisible for 165 gold pieces
  9800 | D:12     | Found Kinimoh's Jewellery Shoppe.
  9800 | D:12     | Noticed a two-headed ogre
  9808 | D:12     | Killed a two-headed ogre
  9877 | D:12     | Reached XP level 12. HP: 107/107 MP: 12/12
 10063 | D:12     | Noticed Gastronok
 10080 | D:12     | Killed Gastronok
 10098 | D:12     | Found a staircase to the Orcish Mines.
 10509 | D:13     | Found Apuub's Book Emporium.
 10584 | D:13     | Noticed a four-headed hydra
 10596 | D:13     | Killed a one-headed hydra
 10690 | D:13     | Noticed a boulder beetle
 10712 | D:13     | Killed a boulder beetle
 10742 | D:13     | Noticed a centaur warrior
 10749 | D:13     | Killed a centaur warrior
 10750 | D:13     | Reached skill level 10 in Armour
 10771 | D:13     | Noticed a centaur warrior
 10792 | D:13     | Killed a centaur warrior
 10909 | D:13     | Noticed Frances
 10919 | D:13     | HP: 2/107 [sixfirhy[Frances] (12)]
 10919 | D:13     | Slain by Frances

Illustrated notes

Levels and vault maps discovered:
D:1:      onia_arrival_mini_spirals, layout_rooms
D:2:      layout_rooms, minmay_tetromino_i2
D:3:      layout_loops_corners, serial_shops, shop
D:4:      layout_gridville, zin_treasury, tso_oasis_becter, serial_shops, shop,
          nicolae_shop_real_fake_doors, shop, shop, nicolae_shop_drivethru,
          grunt_decor_one_mirror, grunt_ministairs_11, nicolae_shop_firing_range
D:5:      layout_basic, serial_shops, nicolae_shop_mannequins
D:6:      layout_loops_ring, fedhas_altar_decomposition,
          minmay_temple_entry_antechambers
D:7:      layout_layer_cave, elyvilon_altar_1, overflow_temple_1_default,
          kennysheep_generic_room_7, uniq_crazy_yiuf_cottage, uniq_pikel
D:8:      layout_rooms, mainiacjoe_overflow_chevrons
D:9:      minmay_tri_box, layout_basic, nicolae_vehumet_altar_sigil, minitemple,
          nicolae_stop_n_shop_2, uniq_psyche
D:10:     cheibrodos_barr_body, layout_cave_pools, amcnicky_altar_gilded,
          uniq_grum
D:11:     layout_small_grid, uniq_harold
D:12:     layout_roguey, minmay_orc_entry_guard_dogs, serial_curves,
          eino_curves_03, eino_curves_04, eino_curves_03, serial_shops, shop,
          uniq_gastronok
D:13:     layout_loops_ring, serial_shops, nicolae_book_shop_shelving,
          serial_aquarium, aquarium_bridge_square [aquarium_subvault_bridge,
          aquarium_subvault_bridge, aquarium_subvault_bridge,
          aquarium_subvault_bridge], aquarium_window_fake, aquarium_window_1,
          aquarium_window_2, aquarium_window_corridor_2, aquarium_view_2g,
          aquarium_view_2d, uniq_frances

Skill      XL: |  1  2  3  4  5  6  7  8  9 10 11 12 |
---------------+-------------------------------------+-----
Maces & Flails | 3 4 5 6 8 9 11 12 13 14 | 14.7
Armour         | 2 4 5 7 8 10 | 10.0
Short Blades   | 1 |  1.0
Fighting       | 6 14 | 14.0
Dodging        | |  1.7

Action                     |  1- 3 |  4- 6 |  7- 9 | 10-12 || total
---------------------------+-------+-------+-------+-------++-------
  Melee: Mace              |    39 |       |       |       ||    39
         Eveningstar       |    83 |    36 |    65 |   454 ||   638
         Punch             |     1 |     1 |     1 |    11 ||    14
         Rapier            |       |    66 |   155 |     4 ||   225
         Kick              |       |     5 |     3 |       ||     8
         Unarmed           |       |       |       |     1 ||     1
         Great mace        |       |       |       |   193 ||   193
         War axe           |       |       |       |     4 ||     4
 Invoke: Berserk           |     3 |     3 |     6 |    10 ||    22
         Trog's Hand       |       |       |       |     6 ||     6
    Use: Scroll            |       |     8 |     1 |       ||     9
         Potion            |       |       |       |     1 ||     1
   Stab: Sleeping          |     1 |       |       |       ||     1
 Armour: Animal skin       |    15 |       |       |       ||    15
         Chain mail        |     3 |    73 |   229 |   533 ||   838
         Skin              |       |       |       |     8 ||     8
  Dodge: Dodged            |    92 |    57 |   122 |   340 ||   611
